 Dungeon Crawl Stone Soup version 0.26-a0-639-g72c4674329 (webtiles) character file.

Game seed: 2640994872334822762

765173 fata the Conqueror (level 27, -2/336 HPs)
             Began as a Demonspawn Fighter on Sept 18, 2020.
             Was the Champion of Makhleb.
             Killed by divine providence
             ... invoked by a mummy priest
              (15 damage)
             ... on level 3 of the Tomb of the Ancients on Sept 19, 2020.
             The game lasted 04:53:37 (94220 turns).

fata the Conqueror (Demonspawn Fighter)            Turns: 94220, Time: 04:53:38

Health: -2/336     AC: 29    Str: 25 (28) XL:     27
Magic:  35/35      EV:  2    Int: 13      God:    Makhleb [******]
Gold:   4850       SH: 30    Dex: 15 (24) Spells: 36/43 levels left

rFire    + + .     SeeInvis +   p - +9 rapier (speed)
rCold    . . .     Faith    .   Z - +7 kite shield of the Skies Above {rPois rN+}
rNeg     + + +     Spirit   .   (armour currently unavailable)
rPois    +         Reflect  +   (helmet currently unavailable)
rElec    .         Harm     .   (cloak currently unavailable)
rCorr    .         Rampage  .   (gloves currently unavailable)
MR       +++..     NoTele   +   (boots unavailable)
Stlth    +.........             y - amulet of reflection
HPRegen  0.66/turn              C - ring "Xarumm" {rPois rF+ rN+ MR+}
MPRegen  0.24/turn              i - ring "Futted" {rF+ rN+ Int-2 Dex+9}

@: mighty, tree-form, corroded, slowed, very slow
A: see invisible, deterioration 1, frail 1, passive freeze, sense surroundings
1, powered by pain 3, freezing cloud immunity, big brain 3
}: 4/15 runes: serpentine, barnacled, slimy, silver
a: Minor Destruction, Lesser Servant of Makhleb, Major Destruction, Greater
Servant of Makhleb, Renounce Religion


You were on level 3 of the Tomb of the Ancients.
You worshipped Makhleb.
Makhleb was exalted by your worship.
You were a tree.
You visited 12 branches of the dungeon, and saw 56 of its levels.
You visited the Abyss 1 time.
You visited 1 bazaar.
You also visited: Ice Cave.

You collected 10458 gold pieces.
You spent 5608 gold pieces at shops.

Inventory:

Hand Weapons
 b - the +11 quick blade of Guhagiat {freeze, rElec Str+5 Dex-3}
   (You acquired it on level 2 of the Abyss)

   It has been specially enchanted to freeze those struck by it, causing extra
   injury to most foes and up to half again as much damage against particularly
   susceptible opponents.
   It can also slow down cold-blooded creatures.
   It affects your strength (+5).
   It affects your dexterity (-3).
   It insulates you from electricity.
 p - a +9 rapier of speed (weapon)
 D - the +9 hand crossbow of Verugid {penet, rN+}
   (Okawaru gifted it to you on level 2 of the Snake Pit)

   Ammo fired by it will pass through the targets it hits, potentially hitting
   all targets in its path until it reaches maximum range.
   It protects you from negative energy.
Missiles
 o - 2413 bolts
Armour
 f - a +2 hat of magic resistance (melded)
 g - the +3 pair of gauntlets of War (melded) {Slay+5}
   (You acquired it on level 1 of the Orcish Mines)

   It affects your accuracy and damage with ranged weapons and melee attacks
   (+5).
 J - a +8 plate armour of magic resistance (melded)
 N - a scarf of resistance (melded)
 Z - the +7 kite shield of the Skies Above (worn) {rPois rN+}
   (You acquired it on level 2 of the Orcish Mines)

   It protects you from poison.
   It protects you from negative energy.
Jewellery
 i - the ring "Futted" (right branch) {rF+ rN+ Int-2 Dex+9}
   (You bought it in a shop on level 5 of the Depths)

   [ring of protection from fire]

   It affects your intelligence (-2).
   It affects your dexterity (+9).
   It protects you from fire.
   It protects you from negative energy.
 n - an uncursed ring of flight
 y - an amulet of reflection (around neck)
 C - the ring "Xarumm" (left branch) {rPois rF+ rN+ MR+}
   (You bought it in a shop on level 5 of the Depths)

   [ring of positive energy]

   It protects you from fire.
   It protects you from poison.
   It protects you from negative energy.
   It affects your resistance to hostile enchantments.
Wands
 e - a wand of digging (20)
 E - a wand of disintegration (55)
 V - a wand of polymorph (10)
Scrolls
 a - 39 scrolls of remove curse
 c - a scroll of amnesia
 l - a scroll of enchant weapon
 v - 11 scrolls of magic mapping
 z - 2 scrolls of blinking
 G - 8 scrolls of fear
 H - 6 scrolls of summoning
 L - 19 scrolls of identify
 R - 20 scrolls of teleportation
 S - 7 scrolls of fog
 U - a scroll of silence
 W - 6 scrolls of enchant armour
Potions
 d - 16 potions of cancellation
 h - 11 potions of flight
 k - 8 potions of brilliance
 m - 3 potions of mutation
 q - 10 potions of curing
 t - 7 potions of stabbing
 x - 3 potions of resistance
 A - 9 potions of lignification
 O - a potion of might
 P - 7 potions of invisibility
 Q - 7 potions of haste
 T - 9 potions of magic
 X - 6 potions of ambrosia
 Y - 3 potions of berserk rage
Miscellaneous
 I - a phantom mirror


   Skills:
 O Level 27 Fighting
 - Level 14.0 Short Blades
 - Level 12.0 Crossbows
 + Level 18.5 Armour
 + Level 16.7 Dodging
 + Level 24.5 Shields
 + Level 8.5 Spellcasting
 + Level 9.4 Hexes
 + Level 8.5 Air Magic
 - Level 5.0 Invocations


You had 36 spell levels left.
You knew the following spells:

 Your Spells              Type           Power        Failure   Level
a - Silence               Hex/Air        ####......   3%          5
b - Slow                  Hex            ####....     1%          2

Your spell library contained the following spells:

 Spells                   Type           Power        Failure   Level
 Corona                   Hex            ####...      1%          1
 Shock                    Conj/Air       ###.         1%          1
 Corpse Rot               Necr/Air       N/A          1%          2
 Ensorcelled Hibernation  Hex/Ice        ###...       1%          2
 Poisonous Vapours        Pois/Air       ###...       1%          2
 Swiftness                Air            ####....     1%          2
 Confusing Touch          Hex            ####....     1%          3
 Tukima's Dance           Hex            ####....     1%          3
 Airstrike                Air            ####......   1%          4
 Cause Fear               Hex            ####......   1%          4
 Dazzling Flash           Conj/Hex       ###...       2%          3
 Inner Flame              Hex/Fire       ###.....     2%          3
 Portal Projectile        Hex/Tloc       ###...       2%          3
 Static Discharge         Conj/Air       ###.....     2%          3
 Summon Guardian Golem    Hex/Summ       ###.....     2%          3
 Mephitic Cloud           Conj/Pois/Air  ##......     4%          3
 Animate Skeleton         Necr           #.....       5%          1
 Apportation              Tloc           #.....       5%          1
 Beastly Appendage        Tmut           #.....       5%          1
 Foxfire                  Conj/Fire      #...         5%          1
 Freeze                   Ice            #...         5%          1
 Magic Dart               Conj           #...         5%          1
 Summon Small Mammal      Summ           #...         5%          1
 Fulminant Prism          Conj/Hex       ###.......   8%          4
 Leda's Liquefaction      Hex/Erth       ###.......   8%          4
 Blink                    Tloc           N/A          9%          2
 Call Imp                 Summ           #.......     9%          2
 Searing Ray              Conj           #.....       9%          2
 Sublimation of Blood     Necr           #.........   9%          2
 Wereblood                Tmut           #.......     9%          2
 Summon Lightning Spire   Summ/Air       ###.....     9%          4
 Call Canine Familiar     Summ           #.......     16%         3
 Conjure Flame            Conj/Fire      #.......     16%         3
 Frozen Ramparts          Ice            #.....       16%         3
 Gell's Gravitas          Tloc           #.........   16%         3
 Ignite Poison            Fire/Tmut/Pois #.......     16%         3
 Lesser Beckoning         Tloc           #.........   16%         3
 Ozocubu's Armour         Ice            #.......     16%         3
 Spider Form              Tmut/Pois      #.........   16%         3
 Stone Arrow              Conj/Erth      #.....       16%         3
 Teleport Other           Tloc           #.......     16%         3
 Vampiric Draining        Necr           #.........   16%         3
 Invisibility             Hex            ####....     16%         6
 Metabolic Englaciation   Hex/Ice        ###.......   21%         5
 Yara's Violent Unravell  Hex/Tmut       ###.......   21%         5
 Lightning Bolt           Conj/Air       ###.......   24%         5
 Dispel Undead            Necr           #.......     45%         4
 Hailstorm                Conj/Ice       #.......     45%         4
 Ice Form                 Ice/Tmut       #.......     45%         4
 Iskenderun's Mystic Bla  Conj/Tloc      #.......     45%         4
 Passage of Golubria      Tloc           N/A          45%         4
 Petrify                  Tmut/Erth      #.......     45%         4
 Sticky Flame             Conj/Fire      #.......     45%         4
 Summon Ice Beast         Ice/Summ       #.......     45%         4
 Conjure Ball Lightning   Conj/Air       ###.......   77%         6
 Agony                    Necr           #.......     78%         5
 Alistair's Intoxication  Tmut/Pois      #........    78%         5
 Blade Hands              Tmut           #.........   78%         5
 Borgnjor's Vile Clutch   Necr/Erth      #.........   78%         5
 Excruciating Wounds      Necr           #.........   78%         5
 Fireball                 Conj/Fire      #.........   78%         5
 Irradiate                Conj/Tmut      #.........   78%         5
 Summon Forest            Summ/Tloc      #.........   78%         5
 Freezing Cloud           Conj/Ice/Air   ##........   91%         6
 Eringya's Noxious Bog    Tmut/Pois      #.........   100%        6
 Hydra Form               Tmut           #.........   100%        6
 Ozocubu's Refrigeration  Ice            #.........   100%        6
 Shadow Creatures         Summ           N/A          100%        6
 Simulacrum               Ice/Necr       #.........   100%        6
 Starburst                Conj/Fire      #.........   100%        6
 Statue Form              Tmut/Erth      #........    100%        6
 Dragon Form              Tmut           #.........   100%        7
 Haunt                    Necr/Summ      #.........   100%        7
 Summon Hydra             Summ           #.........   100%        7
 Borgnjor's Revivificati  Necr           #.........   100%        8
 Ignition                 Fire           #.........   100%        8
 Infestation              Necr           #.........   100%        8
 Necromutation            Tmut/Necr      #.........   100%        8
 Death's Door             Necr           #.........   100%        9
 Dragon's Call            Summ           #.........   100%        9
 Shatter                  Erth           #.........   100%        9
 Tornado                  Air            ####......   100%        9


Dungeon Overview and Level Annotations

Branches:
Dungeon (15/15)            Temple (1/1) D:7            Lair (6/6) D:11
 Shoals (4/4) Lair:2        Snake (4/4) Lair:2        Slime (5/5) Lair:5
    Orc (2/2) D:11            Elf (3/3) Orc:2        Vaults (5/5) D:14
  Crypt (3/3) Vaults:2       Tomb (3/3) Crypt:3      Depths (5/5) D:15
    Zot (0/5) Depths:5      IceCv (visited)

Altars:
Ashenzari
Cheibriados
Dithmenos
Elyvilon
Fedhas
Gozag
Hepliaklqana
Kikubaaqudgha
Makhleb
Nemelex Xobeh
Okawaru
Qazlal
Ru
Sif Muna
Trog
Uskayaw
Vehumet
Wu Jian
Xom
Yredelemnul
Zin
The Shining One
Beogh
Jiyva

Shops:
D:6 !   D:11 (   D:12 *   Orc:2 (==*[*(   Elf:2 *   Elf:3 [   Shoals:2 :
Snake:2 (}!(   Vaults:4 ?   Depths:1 ***[   Depths:3 (   Depths:5 ==}

Portals:
Hell: Depths:1 Depths:2 Depths:3 Depths:4 Depths:5
Abyss: Crypt:3 Depths:1 Depths:2 Depths:4
Pandemonium: Depths:3 Depths:5
Ziggurat: Depths:4
Trove: D:15 (give 9 potions of haste)

Annotations:
Depths:1 3 runed translucent doors


Innate Abilities, Weirdness & Mutations

((You have claws for feet.))
((Your flesh is cold resistant. (rC+)))
A frigid envelope surrounds you and freezes all who hurt you.
You are powered by pain.
((You are completely covered in sharp spines.))
You are immune to freezing clouds.
You have an absolutely massive brain. (Int +6, Wiz)
You have supernaturally acute eyesight. (SInv)
Your body sometimes deteriorates upon taking damage.
You are frail. (-10% HP)
You passively map a small area around you.


Message History

The vile air hits the greater mummy.
The vile air hits you but does no damage.
The vile air hits the vampire.
The greater mummy hits you but does no damage.
The greater mummy completely resists.
The vampire hits you but does no damage.
The vampire resists.
The vampire is very cold.
The vampire is severely damaged.
The vampire bites you but does no damage.
The vampire resists.
The vampire is very cold.
The vampire is severely damaged.
The emperor scorpion stings you.
* * * LOW HITPOINT WARNING * * *
The emperor scorpion is very cold.
The emperor scorpion is moderately wounded.
You block the emperor scorpion's attack.
The emperor scorpion claws you but does no damage.
The mummy priest invokes the aid of its god against you.
Something smites you!
You die...

*,,,***..M......######**,,,,
*,,,,**#.M....°8.^....,,,,,,
**,,,,***.....^.....M.,,,,,,
**,,,,,*,....°..8....,,,,,,
***##+##*#.M.....!....s..b
*##...°##M.)8............
**$.^...☼##s.ZM..........#
*,$.....Vs##MM.Ms.....(.#*
**,$....ns♣4##.MMM.M....#*<
*,,$....sMMss##MM8M88..#*,,
*,,$$..4.8s8WM##sLsZ..#*,,,
*,,/[$=.4ZsM.°##sssss.#*,,,
*,,$$$$!$....8.#sMs...#,,,,
*,,$$$$$$$....°#8...^.#,,,,
**,$$$$$($(...†L†.Z...+^,,,
**$$$$$$$$.$..#Z.....#,,,,
**$$$$$$$....#......#,,,,


You could see a greater mummy, 4 emperor scorpions, an ancient lich, a mummy
priest, 2 guardian mummies, 3 ushabtiu, an ice devil (summoned), 2 rust devils,
a vampire (summoned, invisible), 3 death scarabs, a necrophage (summoned), a
shadow (summoned), a storm dragon simulacrum (summoned) and a frost giant zombie
(summoned).

Vanquished Creatures
  the Royal Jelly (Slime:5)
  4 ancient liches
  A juggernaut (Depths:3)
  24 greater mummies
  The ghost of Onnun the Warrior, a veteran GrFi of the Shining One (Crypt:2)
  The ghost of Yqeuxuamiu the Warrior, a veteran GrFi of the Shining One (Crypt:2)
  The ghost of Wuppom the Warrior, a veteran GrFi of the Shining One (Crypt:2)
  Sojobo (Vaults:3)
  The ghost of Okharo the Axe Maniac, a veteran MiBe of Trog (Crypt:3)
  The ghost of Yppeosaa the Axe Maniac, a veteran MiBe of Trog (Crypt:2)
  Xtahua (Depths:5)
  Vashnia (Snake:2)
  A caustic shrike (Depths:2)
  Jory (Crypt:3)
  The ghost of Mujukuneu the Cleaver, a veteran HuCj of Sif Muna (Vaults:2)
  2 golden dragons
  the Enchantress (Depths:4)
  Nikola (Shoals:3)
  2 large abominations (Vaults:5)
  6 tentacled monstrosities
  The ghost of Xouliuj the Wrestler, a veteran VSFi of Gozag (Depths:3)
  The ghost of Eggoa the Wrestler, a veteran VSFi of Gozag (Depths:5)
  8 liches
  The ghost of Pyinoph the Champion of Chaos, an adept DDFi of Makhleb (Vaults:4)
  The ghost of Vohiat the Scholar, an adept DsIE of Sif Muna (Elf:2)
  15 titans
  5 deep elf master archers
  12 deep elf blademasters
  Polyphemus (Shoals:4)
  A kraken (Shoals:4)
  28 acid blobs
  Gastronok (D:8)
  An Executioner (Crypt:3)
  13 sphinxes
  9 ancient champions
  A tentacled starspawn (Abyss:1)
  Kirke (Shoals:3)
  7 shadow dragons
  Donald (Shoals:2)
  5 tengu reavers
  Ilsuiw (Shoals:3)
  4 storm dragons
  10 nagarajas
  27 fire giants
  4 revenants
  An azure jelly (shapeshifter) (Elf:3)
  Louise (Depths:2)
  17 azure jellies
  A frost giant (shapeshifter) (Crypt:3)
  A cacodemon (Crypt:3)
  17 frost giants
  A daeva (Crypt:3)
  4 deep elf sorcerers
  A balrug (Depths:5)
  2 iron dragons (Vaults:5)
  3 deep elf elementalists
  A draconian knight (Depths:5)
  A curse skull (Crypt:1)
  2 orc warlords
  18 vault wardens
  5 spriggan defenders (Depths:4)
  15 ghouls
  A draconian annihilator (Depths:5)
  6 caustic shrike skeletons (Depths:4)
  A reaper (Crypt:3)
  32 very ugly things
  3 war gargoyles
  41 stone giants
  2 entropy weavers
  4 bennus
  14 ironheart preservers
  2 red draconians (Depths:5)
  A green draconian (Elf:3)
  The ghost of Lic Omurr the Unseen, a journeyman SpEn of Vehumet (D:15)
  19 vampire knights
  Nessos (D:14)
  2 black draconians (Depths:5)
  2 pale draconians (Depths:5)
  11 deep elf demonologists
  8 deep elf annihilators
  3 merfolk javelineers
  2 yellow draconians (Depths:5)
  A spark wasp (Depths:2)
  Azrael (D:14)
  4 eidola
  5 deep elf death magi
  18 ettins
  2 blizzard demons (IceCv)
  10 fire dragons
  19 mummy priests
  14 jiangshi
  2 death oozes
  5 merfolk impalers
  A quicksilver dragon zombie (Crypt:1)
  5 deep elf high priests
  14 great orbs of eyes
  23 naga warriors
  Harold (D:11)
  27 vault guards
  23 yaktaur captains
  7 rakshasas
  3 merfolk avatars
  11 hydras
  6 spriggan air magi
  13 ice dragons
  An alligator snapping turtle (Shoals:2)
  12 death knights
  9 anacondas
  A catoblepas (Shoals:3)
  47 two-headed ogres
  4 merfolk aquamancers
  2 two-headed ogres (shapeshifter)
  5 satyrs
  32 dancing weapons
  13 centaur warriors
  10 deep troll shamans
  47 death scarabs
  18 ogre magi
  19 death yaks
  8 tengu warriors
  Urug (D:14)
  10 deep troll earth magi
  An orc high priest (Orc:2)
  18 naga sharpshooters
  14 vampire magi
  2 thrashing horrors (Crypt:3)
  10 spriggan berserkers
  The ghost of Sahoed the Covert, a journeyman VSBe of Trog (D:12)
  A soul eater (Crypt:2)
  9 shock serpents
  Nergalle (Lair:3)
  11 hell knights
  5 iron trolls
  2 salamander mystics (Snake:3)
  3 sun demons
  2 fire crabs (shapeshifter)
  50 skeletal warriors
  36 deep elf knights
  4 shadow wraiths
  8 sea snakes
  A storm dragon skeleton (Depths:1)
  2 unseen horrors
  2 anaconda zombies (Crypt:2)
  11 flayed ghosts
  6 glowing orange brains
  A glowing orange brain (shapeshifter) (D:15)
  7 spriggan druids (Depths:4)
  6 naga ritualists
  29 deep trolls
  6 wizards
  5 necromancers
  2 obsidian statues
  A lindwurm (Lair:6)
  12 ironbrand convokers
  90 deep elf magi
  6 harpies
  A sphinx zombie (Vaults:1)
  A wolf spider zombie (Crypt:3)
  13 orc knights
  24 deep elf archers
  3 stone giant zombies
  28 phantasmal warriors
  4 oklob plants
  2 frost giant zombies (Crypt:3)
  2 fire giant zombies (Crypt:3)
  9 mana vipers
  10 cyclopes
  6 shining eyes
  A wolf spider (shapeshifter) (Depths:3)
  47 fauns
  An iron dragon zombie (Crypt:3)
  A worldbinder (Abyss:1)
  A spectral fire dragon (Crypt:2)
  3 wolf spiders
  7 orc sorcerers
  38 ugly things
  9 merfolk sirens
  12 salamanders
  2 fire giant skeletons
  11 manticores
  43 black mambas
  A moth of wrath (D:15)
  4 guardian serpents
  2 black mambas (shapeshifter)
  Maurice (D:8)
  4 orc zombies
  An eye of devastation (Slime:4)
  3 elephants (Lair:4)
  26 naga magi
  3 orange demons
  An elephant (shapeshifter) (Depths:2)
  2 gargoyles
  3 water nymphs
  2 molten gargoyles (Lair:6)
  An ice statue (IceCv)
  20 vault sentinels
  A torpor snail (shapeshifter) (Vaults:2)
  2 torpor snails
  An efreet (D:13)
  10 cane toads
  10 komodo dragons
  A black draconian zombie (Crypt:3)
  A dire elephant skeleton (Crypt:3)
  An emperor scorpion zombie (Tomb:3)
  Maggie (D:6)
  A yaktaur (shapeshifter) (Crypt:3)
  58 yaktaurs
  A rime drake (Lair:2)
  A komodo dragon (shapeshifter) (Depths:2)
  27 freezing wraiths
  6 ice devils
  A black draconian skeleton (Crypt:1)
  A catoblepas skeleton (Crypt:1)
  5 anaconda simulacra (IceCv)
  A tormentor (Depths:3)
  2 harpy zombies
  26 merfolk
  A queen bee (shapeshifter) (Vaults:2)
  A yellow draconian skeleton (Crypt:2)
  2 yaktaur skeletons
  33 guardian mummies
  4 tengu conjurers
  8 trolls
  Grinder (D:6)
  3 wind drakes
  A hydra skeleton (Tomb:2)
  3 jumping spiders (shapeshifter)
  A wind drake (shapeshifter) (Vaults:2)
  A jumping spider (Vaults:4)
  19 hornets
  138 slime creatures
  A tengu simulacrum (Vaults:2)
  A raiju (Abyss:2)
  13 hippogriffs
  12 blink frogs
  A blink frog (shapeshifter) (Depths:2)
  4 dream sheep (Lair:6)
  2 ettin zombies
  A human simulacrum (Vaults:3)
  A bog body (Crypt:3)
  A deep troll zombie (Depths:1)
  13 snapping turtles
  A guardian serpent skeleton (Crypt:1)
  An ice dragon skeleton (Crypt:1)
  An ice dragon zombie (Tomb:1)
  A fire dragon skeleton (Tomb:1)
  A stone giant simulacrum (Vaults:2)
  3 air elementals
  2 redbacks (Vaults:4)
  26 flying skulls
  43 spriggans
  A tarantella (shapeshifter) (Crypt:3)
  A shadow (D:15)
  2 ushabtiu (Tomb:1)
  An ettin skeleton (Tomb:1)
  29 water elementals
  10 wyverns
  An elf zombie (Vaults:1)
  3 hogs (Shoals:3)
  A hog (shapeshifter) (Vaults:2)
  A basilisk (shapeshifter) (Vaults:4)
  2 basilisks
  61 yaks
  17 wraiths
  2 dire elephant simulacra (IceCv)
  A wind drake skeleton (Crypt:3)
  4 fire elementals
  A human (shapeshifter) (Depths:1)
  16 humans (D:14)
  A tyrant leech zombie (Crypt:1)
  Grum (D:11)
  A black mamba skeleton (Crypt:2)
  A fire bat (shapeshifter) (Vaults:2)
  5 vampire mosquitoes
  A golden eye (shapeshifter) (Vaults:1)
  A chaos spawn (Abyss:2)
  5 steam dragons
  A two-headed ogre zombie (Crypt:3)
  A warg (shapeshifter) (Depths:1)
  9 wargs
  An iron troll simulacrum (IceCv)
  52 nagas
  A torturous demonspawn zombie (Crypt:1)
  A harpy simulacrum (IceCv)
  2 ogre zombies (Vaults:1)
  3 small abominations
  8 acid dragons
  A naga (shapeshifter) (Depths:3)
  A soldier ant (shapeshifter) (Vaults:3)
  An ogre skeleton (Vaults:1)
  4 hydra simulacra (IceCv)
  13 porcupines
  2 human zombies (Vaults:1)
  14 water moccasins
  15 hell hounds
  A black bear (D:13)
  35 orc warriors
  6 ice beasts
  3 sky beasts
  3 eyes of draining (Slime:2)
  2 phantoms
  2 snapping turtle zombies (Crypt:3)
  2 ettin simulacra (IceCv)
  2 black bears (shapeshifter)
  A swamp dragon zombie (Crypt:2)
  An eye of draining (shapeshifter) (Depths:1)
  40 ogres
  A dream sheep zombie (Crypt:2)
  12 necrophages
  13 boggarts
  2 orc skeletons (Vaults:1)
  11 crocodiles
  10 wolves
  A snapping turtle skeleton (Crypt:1)
  16 centaurs
  A human skeleton (Vaults:1)
  6 big kobolds
  Blork the orc (Orc:2)
  A draconian zombie (Crypt:3)
  17 bullfrogs
  A wyvern zombie (D:12)
  5 earth elementals
  A palentonga skeleton (Crypt:2)
  A wyvern skeleton (D:13)
  A cyclops zombie (Crypt:2)
  A hippogriff skeleton (Crypt:3)
  A hornet simulacrum (D:14)
  6 scorpions
  2 troll zombies
  A warg skeleton (Crypt:1)
  An orc simulacrum (Vaults:1)
  2 swamp dragon simulacra (IceCv)
  10 wights
  A yak skeleton (Crypt:3)
  10 howler monkeys
  A howler monkey (shapeshifter) (Depths:5)
  3 electric eels
  4 bullfrog zombies
  5 centaur zombies
  3 draconian simulacra (IceCv)
  6 lava snakes
  22 orc priests
  A hound (D:13)
  A gnoll shaman (D:9)
  8 jellies (D:7)
  5 centaur skeletons
  3 bullfrog skeletons
  6 iguanas
  40 orc wizards
  2 troll simulacra (IceCv)
  10 worker ants
  2 polar bear simulacra (IceCv)
  A porcupine skeleton (Crypt:3)
  2 killer bee zombies
  A wolf simulacrum (IceCv)
  A centaur simulacrum (IceCv)
  A hound zombie (D:8)
  43 mummies
  3 worker ant zombies
  16 gnolls
  A howler monkey skeleton (D:6)
  3 naga simulacra (IceCv)
  14 adders
  2 ogre simulacra (IceCv)
  4 shadow imps
  8 white imps
  11 ufetubi
  16 oozes
  2 adder zombies
  An adder skeleton (D:5)
  3 dart slugs
  4 leopard geckos
  112 orcs
  8 bats
  2 giant cockroaches
  A gnoll zombie (Crypt:2)
  11 goblins
  6 hobgoblins
  5 jackals
  29 kobolds
  5 quokkas
  A ball python zombie (Crypt:3)
  3 frilled lizards
  3 jackal skeletons
  A rat (shapeshifter) (Vaults:5)
  6 rats
  A crawling corpse (Vaults:4)
  A plant (Lair:1)
  2 starspawn tentacles (Abyss:1)
  4 tentacles (Shoals:4)
3128 creatures vanquished.

Vanquished Creatures (others)
  A deep elf knight (Depths:4)
  A wizard (D:12)
  A deep elf archer (Elf:2)
  2 deep elf magi
  A naga mage (Snake:2)
  A black mamba (Snake:2)
  A komodo dragon (Lair:6)
  A spriggan (Depths:4)
  A hog (shapeshifter) (Depths:3)
  A boggart (Depths:4)
  2 white imps (IceCv)
  2 ufetubi (IceCv)
  14 ball lightnings (Elf:2)
  An orc (D:6)
  38 fungi
  A lurking horror (Crypt:3)
  120 plants
  5 starspawn tentacles (Abyss:1)
  4 tentacles (Shoals:4)
  4 withered plants (D:8)
202 creatures vanquished.

Grand Total: 3330 creatures vanquished

Notes
Turn   | Place    | Note
-------+----------+-------------------------------------------
     0 | D:1      | fata the Demonspawn Fighter began the quest for the Orb.
     0 | D:1      | Reached XP level 1. HP: 18/18 MP: 1/1
   151 | D:1      | Gained mutation: You sometimes gain a little power by
                  | taking damage. [demonic ancestry]
   151 | D:1      | Reached XP level 2. HP: 24/24 MP: 2/2
   268 | D:1      | Reached skill level 4 in Fighting
   701 | D:1      | Reached XP level 3. HP: 30/30 MP: 3/3
  1639 | D:3      | Reached skill level 5 in Fighting
  1639 | D:3      | Reached XP level 4. HP: 39/39 MP: 4/4
  1893 | D:3      | Found a sacrificial altar of Ru.
  2420 | D:4      | Reached XP level 5. HP: 46/46 MP: 5/5
  2446 | D:4      | Found a sacrificial altar of Ru.
  2524 | D:4      | Reached skill level 6 in Fighting
  2589 | D:4      | Noticed a phantom
  3117 | D:5      | Entered Level 5 of the Dungeon
  3770 | D:4      | Noticed a necrophage
  3854 | D:3      | Killed a necrophage
  3854 | D:3      | Reached skill level 7 in Fighting
  3854 | D:3      | Gained mutation: You have sharp toenails. [demonic
                  | ancestry]
  3854 | D:3      | Reached XP level 6. HP: 14/47 MP: 6/6
  4472 | D:4      | Found a shimmering blue altar of Sif Muna.
  4898 | D:5      | Reached skill level 8 in Fighting
  4901 | D:5      | Gained mutation: You have an unusually large brain. (Int
                  | +2) [demonic ancestry]
  4901 | D:5      | Reached XP level 7. HP: 33/54 MP: 7/7
  5604 | D:5      | Reached skill level 1 in Dodging
  6209 | D:6      | Noticed Grinder
  6211 | D:6      | Paralysed by Grinder for 3 turns
  6221 | D:6      | Killed Grinder
  6221 | D:6      | Reached XP level 8. HP: 62/62 MP: 8/8
  6236 | D:6      | Reached skill level 9 in Fighting
  7161 | D:6      | Noticed Maggie
  7781 | D:6      | Reached skill level 5 in Armour
  8096 | D:7      | Found a staircase to the Ecumenical Temple.
  8134 | Temple   | Entered the Ecumenical Temple
  8226 | Temple   | Became a worshipper of Warmaster Okawaru
  8284 | D:7      | Noticed a hippogriff
  8295 | D:7      | Killed a hippogriff
  8529 | D:6      | Gained mutation: You have an extremely huge brain. (Int +4)
                  | [demonic ancestry]
  8529 | D:6      | Reached XP level 9. HP: 69/70 MP: 9/9
  8540 | D:6      | Found Oronkumu's Distillery.
  8543 | D:6      | Bought a potion of heal wounds for 70 gold pieces
  8543 | D:6      | Bought a potion of heal wounds for 70 gold pieces
  8624 | D:6      | Killed Maggie
  8624 | D:6      | Reached skill level 10 in Fighting
  9399 | D:6      | Reached * piety under Okawaru
  9857 | D:7      | Reached skill level 1 in Invocations
 10580 | D:8      | Noticed Maurice
 10616 | D:8      | Reached skill level 5 in Short Blades
 10626 | D:8      | Killed Maurice
 10626 | D:8      | Reached ** piety under Okawaru
 10746 | D:8      | Noticed a centaur warrior
 10746 | D:8      | Noticed a two-headed ogre
 10773 | D:8      | Gained mutation: You have razor-sharp toenails. [demonic
                  | ancestry]
 10773 | D:8      | Reached XP level 10. HP: 81/86 MP: 12/12
 10804 | D:8      | Noticed Gastronok
 10832 | D:8      | Killed Gastronok
 10832 | D:8      | Reached *** piety under Okawaru
 10832 | D:8      | Reached skill level 11 in Fighting
 11339 | D:8      | Reached **** piety under Okawaru
 11424 | D:8      | Received a gift from Okawaru
 12156 | D:9      | Noticed a two-headed ogre
 12166 | D:9      | Killed a two-headed ogre
 12166 | D:9      | Gained mutation: You are partially covered in sharp spines.
                  | [demonic ancestry]
 12166 | D:9      | Reached XP level 11. HP: 54/95 MP: 13/13
 12354 | D:9      | Cast into level 1 of the Abyss (gnoll)
 12389 | Abyss:1  | Found a roughly hewn altar of Beogh.
 12435 | Abyss:1  | Noticed a profane servitor
 12452 | Abyss:1  | Found a corrupted altar of Lugonu.
 12456 | Abyss:1  | Noticed a tentacled starspawn
 12493 | Abyss:1  | Killed a tentacled starspawn
 12493 | Abyss:1  | Reached ***** piety under Okawaru
 12493 | Abyss:1  | Reached skill level 12 in Fighting
 12671 | Abyss:1  | Noticed a reaper
 12678 | Abyss:1  | Noticed a tentacled starspawn
 12687 | Abyss:1  | Noticed a thrashing horror
 12705 | Abyss:1  | Noticed a wretched star
 12921 | Abyss:2  | Noticed a bone dragon
 12950 | Abyss:2  | Identified a scroll of acquirement
 12950 | Abyss:2  | Acquired the +11 quick blade of Guhagiat {freeze, rElec
                  | Str+5 Dex-3}
 12964 | D:9      | Escaped the Abyss
 12976 | D:9      | Received a gift from Okawaru
 12981 | D:9      | Got a black opal-studded scale mail {god gift}
 12992 | D:9      | Identified the +1 scale mail of Jixar {rF+ Str+4} (Okawaru
                  | gifted it to you on level 9 of the Dungeon)
 13776 | D:9      | Noticed a two-headed ogre
 13786 | D:9      | Killed a two-headed ogre
 14077 | D:9      | Found a bloodstained altar of Trog.
 14132 | D:10     | Entered Level 10 of the Dungeon
 14359 | D:10     | Noticed a two-headed ogre
 14366 | D:10     | Killed a two-headed ogre
 14457 | D:10     | Gained mutation: You have claws for feet. [demonic
                  | ancestry]
 14457 | D:10     | Reached XP level 12. HP: 103/103 MP: 14/14
 14621 | D:10     | Reached skill level 5 in Shields
 14936 | D:11     | Found Cibamiav's Antique Weapon Emporium.
 14953 | D:11     | Bought a runed hand crossbow for 175 gold pieces
 15053 | D:11     | Noticed Grum
 15054 | D:11     | Reached skill level 10 in Armour
 15064 | D:11     | Reached skill level 13 in Fighting
 15067 | D:11     | Killed Grum
 15192 | D:11     | Found a staircase to the Lair.
 15209 | D:11     | Reached skill level 5 in Dodging
 15358 | D:11     | Found a blossoming altar of Fedhas.
 15679 | D:11     | Found a staircase to the Orcish Mines.
 15727 | D:11     | Received a gift from Okawaru
 15931 | D:11     | Noticed Harold
 15934 | D:11     | Reached skill level 14 in Fighting
 15943 | D:11     | Killed Harold
 16006 | D:11     | Received a gift from Okawaru
 16292 | Orc:1    | Entered Level 1 of the Orcish Mines
 16374 | Orc:2    | Entered Level 2 of the Orcish Mines
 16665 | Orc:2    | Paralysed by an orc sorcerer for 2 turns
 16704 | Orc:2    | Reached skill level 15 in Fighting
 16714 | Orc:2    | Paralysed by an orc sorcerer for 4 turns
 16719 | Orc:2    | Noticed an orc high priest
 16723 | Orc:2    | Noticed a two-headed ogre
 16726 | Orc:2    | Noticed Blork the orc
 16735 | Orc:2    | Killed an orc high priest
 16735 | Orc:2    | Reached XP level 13. HP: 105/116 MP: 15/15
 16740 | Orc:2    | Killed Blork the orc
 17267 | Orc:2    | Noticed an orc warlord
 17289 | Orc:2    | Reached skill level 1 in Crossbows
 17307 | Orc:1    | Killed an orc warlord
 17767 | Orc:2    | Found a roughly hewn altar of Beogh.
 17774 | Orc:2    | Found Ceeh's General Store.
 17792 | Orc:2    | Found Daedeulu's Antique Weapon Emporium.
 17799 | Orc:2    | Found a staircase to the Elven Halls.
 17807 | Orc:2    | Bought a potion of curing for 48 gold pieces
 17893 | Orc:2    | Found Mureh's Assorted Antiques.
 17923 | Orc:2    | Bought a scroll of identify for 68 gold pieces
 17955 | Orc:2    | Found Kada's Weapon Emporium.
 17957 | Orc:2    | Found a roughly hewn altar of Beogh.
 18006 | Orc:2    | Found Tirchaba's Jewellery Shoppe.
 18085 | Orc:2    | Found Reggol's Antique Armour Emporium.
 18100 | Orc:2    | Found Zangiry's Jewellery Emporium.
 18992 | Orc:1    | Found a roughly hewn altar of Beogh.
 19241 | Orc:1    | Acquired the +3 pair of gauntlets of War {Slay+5}
 19242 | Orc:1    | Found the +3 pair of gauntlets of War {Slay+5}
 19393 | Lair:1   | Entered Level 1 of the Lair of Beasts
 19444 | Lair:1   | Received a gift from Okawaru
 19513 | Lair:1   | Reached skill level 16 in Fighting
 20466 | Lair:2   | Reached skill level 5 in Crossbows
 20941 | Lair:2   | Received a gift from Okawaru
 21097 | Lair:2   | Found a staircase to the Shoals.
 21114 | Lair:2   | Reached ****** piety under Okawaru
 21147 | Lair:2   | Found a staircase to the Snake Pit.
 21629 | Lair:3   | Gained mutation: Your flesh is cold resistant. (rC+)
                  | [demonic ancestry]
 21629 | Lair:3   | Reached XP level 14. HP: 123/126 MP: 17/17
 21851 | Lair:3   | Reached skill level 5 in Invocations
 21987 | Lair:3   | Noticed Nergalle
 22001 | Lair:3   | Killed Nergalle
 22001 | Lair:3   | Received a gift from Okawaru
 22212 | Lair:3   | Received a gift from Okawaru
 23366 | Lair:4   | Received a gift from Okawaru
 24203 | Lair:5   | Received a gift from Okawaru
 24435 | Lair:5   | Found a runed translucent door.
 24439 | Lair:5   | Found a viscous altar of Jiyva.
 24440 | Lair:5   | Found a staircase to the Slime Pits.
 24440 | Lair:5   | Noticed an acid blob
 24449 | Lair:5   | Killed an acid blob
 24838 | Lair:6   | Entered Level 6 of the Lair of Beasts
 25781 | Lair:6   | Received a gift from Okawaru
 25790 | Lair:6   | Gained mutation: You are mostly covered in sharp spines.
                  | [demonic ancestry]
 25790 | Lair:6   | Reached XP level 15. HP: 102/133 MP: 18/18
 26066 | Lair:6   | Found a large runed translucent door.
 26066 | Lair:6   | Found a large runed translucent door.
 26307 | Lair:6   | Reached skill level 17 in Fighting
 26600 | D:12     | Found Hoism's General Store.
 26771 | D:12     | Found a large runed translucent door.
 26772 | D:12     | Found a large runed translucent door.
 26772 | D:12     | Noticed Sahoed's ghost (journeyman VSBe)
 26788 | D:12     | Killed Sahoed's ghost
 27084 | D:12     | Received a gift from Okawaru
 27427 | D:13     | You fall into a shaft and drop 1 floor!
 27999 | D:14     | Received a gift from Okawaru
 28003 | D:14     | Got a shimmering rapier {god gift}
 28004 | D:14     | Identified the +2 rapier "Geamiu" {venom, +Rage rElec Str-2
                  | Dex-2} (Okawaru gifted it to you on level 14 of the
                  | Dungeon)
 28670 | D:14     | Found a gate to the Vaults.
 28670 | D:14     | Noticed Urug
 28670 | D:14     | Noticed Nessos
 28711 | D:14     | Killed Nessos
 28722 | D:14     | Killed Urug
 29018 | D:14     | Noticed Azrael
 29022 | D:14     | Received a gift from Okawaru
 29029 | D:14     | Killed Azrael
 29342 | D:14     | Received a gift from Okawaru
 29475 | D:15     | Entered Level 15 of the Dungeon
 29516 | D:15     | Found a bloodstained altar of Trog.
 29516 | D:15     | Found a transporter.
 29516 | D:15     | Noticed Lic Omurr's ghost (journeyman SpEn)
 29516 | D:15     | Identified the cursed +1 morningstar "Grim" {elec, rElec
                  | rC+ rN++ Dex-3}
 29518 | D:15     | Identified the cursed +1 giant spiked club "Cuox" {chaos,
                  | +Rage MR+ Str+5 SInv}
 29518 | D:15     | Identified the cursed +2 giant club "Ixius" {speed, Str+3}
 29600 | D:15     | Received a gift from Okawaru
 29604 | D:15     | Got a shimmering hand crossbow {god gift}
 29605 | D:15     | Identified the +1 hand crossbow "Hauroac" {penet, +Fly MR-
                  | Int+7 Stlth+} (Okawaru gifted it to you on level 15 of the
                  | Dungeon)
 30055 | D:15     | Found a portal to a secret trove of treasure.
 30329 | D:15     | Found a transporter.
 30700 | D:15     | Found a staircase to the Depths.
 30709 | D:15     | Gained mutation: You sometimes gain power by taking damage.
                  | [demonic ancestry]
 30709 | D:15     | Reached XP level 16. HP: 142/142 MP: 19/19
 30871 | D:15     | Killed Lic Omurr's ghost
 31150 | Snake:1  | Entered Level 1 of the Snake Pit
 31195 | Snake:2  | Received a gift from Okawaru
 31564 | Snake:2  | Noticed Vashnia
 31946 | Snake:1  | Reached skill level 10 in Crossbows
 31957 | Snake:1  | Reached skill level 18 in Fighting
 32111 | Snake:1  | Reached skill level 10 in Shields
 33397 | Snake:2  | Found Ziacwine's Weapon Boutique.
 33775 | Snake:2  | Received a gift from Okawaru
 34193 | Snake:2  | Found Luusatih's Distillery.
 34195 | Snake:2  | Found Hyacuri's Gadget Boutique.
 34197 | Snake:2  | Found Yraodua's Antique Weapon Shop.
 34201 | Snake:2  | Bought a potion of curing for 54 gold pieces
 34201 | Snake:2  | Bought a potion of curing for 54 gold pieces
 34919 | Snake:2  | Killed Vashnia
 35295 | Snake:2  | Reached XP level 17. HP: 149/151 MP: 20/20
 35638 | Snake:3  | Reached skill level 19 in Fighting
 35665 | Snake:4  | Entered Level 4 of the Snake Pit
 35687 | Snake:4  | Identified the +4 robe "Plog" {+Fly rF+} (You found it on
                  | level 4 of the Snake Pit)
 36186 | Snake:3  | Received a gift from Okawaru
 36349 | Snake:2  | Received a gift from Okawaru
 36717 | Snake:2  | Got an ancient hand crossbow {god gift}
 36719 | Snake:2  | Identified the +9 hand crossbow of Verugid {penet, rN+}
                  | (Okawaru gifted it to you on level 2 of the Snake Pit)
 39058 | Snake:4  | Received a gift from Okawaru
 39929 | Snake:4  | Reached skill level 20 in Fighting
 40259 | Snake:4  | Gained mutation: You are immune to freezing clouds.
                  | [demonic ancestry]
 40259 | Snake:4  | Reached XP level 18. HP: 162/162 MP: 21/21
 40330 | Snake:4  | Received a gift from Okawaru
 40643 | Snake:4  | Got a serpentine rune of Zot
 41316 | Depths:1 | Entered Level 1 of the Depths
 42014 | Depths:1 | Found Miext's General Store.
 42021 | Depths:1 | Bought a potion of heal wounds for 50 gold pieces
 42208 | Depths:1 | Received a gift from Okawaru
 42226 | Depths:1 | Got a distressingly furry robe {god gift}
 42237 | Depths:1 | Identified the +1 robe of Day {*Slow rF++ rC+++} (Okawaru
                  | gifted it to you on level 1 of the Depths)
 42298 | Depths:1 | Found Kagaurcho's Armour Shop.
 42341 | Depths:1 | Found a one-way gate to the infinite horrors of the Abyss.
 42359 | Depths:1 | Found a runed translucent gate.
 42359 | Depths:1 | Found a runed translucent gate.
 42359 | Depths:1 | Found a runed translucent gate.
 42584 | Depths:1 | Identified the +7 chain mail of the Heavens {Int+2 Dex+4}
 42669 | Depths:1 | Found a runed translucent gate.
 42669 | Depths:1 | Found a runed translucent gate.
 42669 | Depths:1 | Found a runed translucent gate.
 43146 | Depths:1 | Found a gateway to Hell.
 43358 | Depths:1 | Found Reemusch's General Store.
 43368 | Depths:1 | Bought a potion of curing for 36 gold pieces
 43368 | Depths:1 | Bought a potion of curing for 36 gold pieces
 43546 | Depths:1 | Reached skill level 21 in Fighting
 43790 | Depths:1 | Found Zucs's Assorted Antiques.
 43834 | Depths:1 | Bought a large jade ring for 200 gold pieces
 44159 | Depths:1 | Reached skill level 15 in Shields
 44515 | Depths:2 | Noticed a caustic shrike
 44537 | Depths:2 | Killed a caustic shrike
 44537 | Depths:2 | Received a gift from Okawaru
 44695 | Depths:2 | Reached XP level 19. HP: 159/172 MP: 22/22
 46425 | Depths:2 | Received a gift from Okawaru
 46427 | Depths:2 | Got a jewelled scale mail {god gift}
 46553 | Depths:2 | Identified the +0 scale mail "Teegoshi" {Str+3} (Okawaru
                  | gifted it to you on level 2 of the Depths)
 46609 | Depths:2 | Noticed Louise
 46663 | Depths:2 | Reached skill level 22 in Fighting
 46680 | Depths:2 | Killed Louise
 47494 | Depths:3 | Found a runed translucent gate.
 47494 | Depths:3 | Found a runed translucent gate.
 47494 | Depths:3 | Found a runed translucent gate.
 47496 | Depths:3 | Found an ancient bone altar of Kikubaaqudgha.
 47497 | Depths:3 | Noticed an ancient lich
 47497 | Depths:3 | Noticed an ancient lich
 47499 | Depths:3 | Noticed Xouliuj's ghost (veteran VSFi)
 47536 | Depths:3 | Killed an ancient lich
 47552 | Depths:3 | Killed Xouliuj's ghost
 47576 | Depths:3 | Killed an ancient lich
 47576 | Depths:3 | Received a gift from Okawaru
 47904 | Depths:3 | Got a fine bone ring
 47906 | Depths:3 | Identified the ring "Synger" {Str+3 Stlth-} (You found it
                  | on level 3 of the Depths)
 47914 | Depths:3 | Identified the +2 hat of Jaysah {+Blink Str+3} (You found
                  | it on level 3 of the Depths)
 47949 | Depths:3 | Reached XP level 20. HP: 184/184 MP: 23/23
 48127 | Depths:3 | Received a gift from Okawaru
 48157 | Depths:3 | Got a translucent quick blade {god gift}
 48158 | Depths:3 | Identified the +7 quick blade "Nirghob" {vorpal, Str+3
                  | Dex+2} (Okawaru gifted it to you on level 3 of the Depths)
 48359 | Depths:3 | Found Houlag's Weapon Boutique.
 48635 | Depths:3 | Found a one-way gate leading to the halls of Pandemonium.
 49198 | Depths:3 | Noticed a juggernaut
 49219 | Depths:3 | Killed a juggernaut
 49237 | Depths:3 | Noticed a golden dragon
 49255 | Depths:3 | Killed a golden dragon
 49255 | Depths:3 | Received a gift from Okawaru
 49255 | Depths:3 | Reached skill level 23 in Fighting
 51203 | Depths:4 | Received a gift from Okawaru
 51582 | Depths:4 | Identified the cursed +1 giant club of Flawed Execution
                  | {holy, *Drain MP+9 Int-2 Dex+6}
 51582 | Depths:4 | Identified the +5 giant club "Arbiter" {freeze, rElec rC-
                  | SInv Stlth+}
 51792 | Depths:4 | Found a gateway to a ziggurat.
 51924 | Depths:4 | Found a bloodstained altar of Trog.
 52623 | Depths:4 | Reached skill level 10 in Short Blades
 52623 | Depths:4 | Gained mutation: A frigid envelope surrounds you and
                  | freezes all who hurt you. [demonic ancestry]
 52623 | Depths:4 | Reached XP level 21. HP: 184/193 MP: 24/24
 52898 | Depths:4 | Noticed the Enchantress
 52929 | Depths:4 | Killed the Enchantress
 52929 | Depths:4 | Received a gift from Okawaru
 52932 | Depths:4 | Got a pitted kite shield {god gift}
 52943 | Depths:4 | Identified the +0 kite shield of Jigsaw {MR+} (Okawaru
                  | gifted it to you on level 4 of the Depths)
 52957 | Depths:4 | Identified the Incunabulum of Sinister Rites and Poison
 53420 | Depths:5 | Entered Level 5 of the Depths
 53574 | Depths:5 | Found Duatih's Gadget Shoppe.
 53574 | Depths:5 | Found Remec's Jewellery Boutique.
 53575 | Depths:5 | Found Dumaism's Jewellery Boutique.
 53581 | Depths:5 | Bought a wand of digging (4) for 256 gold pieces
 53592 | Depths:5 | Found a flickering gateway to a bazaar.
 53605 | Bazaar   | Entered a bazaar
 53605 | Bazaar   | Found Reneogeng's Antique Armour Shop.
 53605 | Bazaar   | Found Saol's Antique Weapon Emporium.
 53605 | Bazaar   | Found Upnijipp's General Store.
 53605 | Bazaar   | Found Omnul's Gadget Shoppe.
 53607 | Bazaar   | Found Beuli's Magic Scroll Boutique.
 53648 | Bazaar   | Bought an embroidered scarf for 160 gold pieces
 53672 | Bazaar   | Bought a potion of cancellation for 96 gold pieces
 53672 | Bazaar   | Bought a scroll of identify for 24 gold pieces
 53672 | Bazaar   | Bought a scroll of identify for 24 gold pieces
 53675 | Bazaar   | Bought a scroll of summoning for 123 gold pieces
 53675 | Bazaar   | Bought a scroll of brand weapon for 260 gold pieces
 53675 | Bazaar   | Bought a scroll of enchant armour for 97 gold pieces
 53675 | Bazaar   | Bought a scroll of enchant armour for 97 gold pieces
 53727 | Depths:5 | Bought the ring "Futted" {rF+ rN+ Int-2 Dex+9} for 661 gold
                  | pieces
 53733 | Depths:5 | Bought the ring "Xarumm" {rPois rF+ rN+ MR+} for 876 gold
                  | pieces
 54991 | Depths:5 | Noticed Xtahua
 55005 | Depths:5 | Killed Xtahua
 55422 | Depths:5 | Found a large runed translucent door.
 55422 | Depths:5 | Found a large runed translucent door.
 55423 | Depths:5 | Noticed Eggoa's ghost (veteran VSFi)
 55707 | Depths:5 | Received a gift from Okawaru
 56094 | Depths:5 | Noticed a golden dragon
 56113 | Depths:5 | Reached skill level 24 in Fighting
 56129 | Depths:5 | Killed a golden dragon
 56236 | Depths:5 | Found a gate to the Realm of Zot.
 56622 | Depths:5 | Killed Eggoa's ghost
 56982 | Temple   | Fell from the grace of Okawaru
 56982 | Temple   | Became a worshipper of Makhleb the Destroyer
 57139 | Elf:1    | Entered Level 1 of the Elven Halls
 57246 | Elf:1    | Found a frozen archway.
 57252 | IceCv    | Entered an ice cave
 57292 | IceCv    | Reached * piety under Makhleb
 57519 | IceCv    | Reached ** piety under Makhleb
 57627 | IceCv    | Reached XP level 22. HP: 197/202 MP: 25/25
 57666 | IceCv    | Got a steaming chain mail
 57677 | IceCv    | Identified the +7 chain mail of Zunocraf {rElec Regen+
                  | Int+9 Dex-2 Stlth-} (You found it in an ice cave)
 58332 | Elf:1    | Identified the Reference Book on Summoning
 58498 | Elf:1    | Reached *** piety under Makhleb
 59314 | Elf:3    | Entered Level 3 of the Elven Halls
 59314 | Elf:3    | Found Boraj's Antique Armour Emporium.
 59481 | Elf:2    | Found a transporter.
 59488 | Elf:2    | Noticed Vohiat's ghost (adept DsIE)
 59542 | Elf:2    | Reached **** piety under Makhleb
 60081 | Elf:2    | Found a transporter.
 60161 | Elf:2    | Killed Vohiat's ghost
 60334 | Elf:2    | Found a huge runed translucent gate.
 60334 | Elf:2    | Found a huge runed translucent gate.
 60334 | Elf:2    | Found a huge runed translucent gate.
 60335 | Elf:2    | Found a huge runed translucent gate.
 60337 | Elf:2    | Found a huge runed translucent gate.
 60419 | Elf:2    | Found Rigaxic's General Store.
 60422 | Elf:2    | Bought a potion of heal wounds for 75 gold pieces
 63074 | Elf:3    | Reached ***** piety under Makhleb
 63178 | Elf:3    | Reached XP level 23. HP: 211/211 MP: 26/26
 63709 | Shoals:1 | Entered Level 1 of the Shoals
 63861 | Shoals:1 | Gained mutation: You are completely covered in sharp
                  | spines. [demonic ancestry]
 63861 | Shoals:1 | Reached XP level 24. HP: 219/219 MP: 26/26
 64028 | Shoals:1 | Reached skill level 25 in Fighting
 64205 | Shoals:1 | Got a smoking iron ring
 64519 | Shoals:2 | Found Oruriboss's Book Shoppe.
 64670 | Shoals:2 | Noticed Donald
 64695 | Shoals:2 | Killed Donald
 65254 | Shoals:3 | Noticed Ilsuiw
 65290 | Shoals:3 | Killed Ilsuiw
 65307 | Shoals:3 | Noticed Nikola
 65328 | Shoals:3 | Killed Nikola
 65524 | Shoals:3 | Reached ****** piety under Makhleb
 65541 | Shoals:3 | Noticed Kirke
 65548 | Shoals:3 | Killed Kirke
 66203 | Shoals:4 | Entered Level 4 of the Shoals
 66294 | Shoals:4 | Noticed Polyphemus
 66327 | Shoals:4 | Killed Polyphemus
 66809 | Shoals:4 | Was forgiven by Okawaru
 66966 | Shoals:4 | Got a barnacled rune of Zot
 67116 | Shoals:4 | Identified the ring "Hekuidiy" {MR+ Dex+6} (You found it on
                  | level 1 of the Shoals)
 67257 | Vaults:1 | Entered Level 1 of the Vaults
 68061 | Vaults:1 | Got a heavily runed ring mail
 68072 | Vaults:1 | Identified the +2 ring mail "Opiagepn" {SInv} (You found it
                  | on level 1 of the Vaults)
 68368 | Vaults:1 | Identified the Volume of Flamy Hexes
 68979 | Vaults:2 | Found an ancient bone altar of Kikubaaqudgha.
 69012 | Vaults:2 | Gained mutation: You are powered by pain. [demonic
                  | ancestry]
 69012 | Vaults:2 | Reached XP level 25. HP: 229/229 MP: 26/26
 69067 | Vaults:2 | Found a runed translucent gate.
 69067 | Vaults:2 | Found a runed translucent gate.
 69067 | Vaults:2 | Found an opulent altar of Gozag.
 69068 | Vaults:2 | Found a runed translucent gate.
 69068 | Vaults:2 | Noticed Mujukuneu's ghost (veteran HuCj)
 69596 | Vaults:2 | You fall into a shaft and drop 2 floors!
 69780 | Vaults:3 | Identified the cursed +0 ring mail of the Immovable Friends
                  | {rC+ Int+2 Dex+4} (You found it on level 3 of the Vaults)
 69792 | Vaults:3 | Got a pitted pewter ring
 69794 | Vaults:3 | Identified the ring "Ziuxuzo" {Int+2 Stlth+} (You found it
                  | on level 3 of the Vaults)
 69939 | Vaults:3 | Reached skill level 26 in Fighting
 70327 | Vaults:3 | Noticed Sojobo
 70415 | Vaults:3 | Killed Sojobo
 71254 | Vaults:2 | Found a staircase to the Crypt.
 71255 | Vaults:2 | Found a basalt altar of Yredelemnul.
 71425 | Vaults:2 | Killed Mujukuneu's ghost
 71723 | Vaults:3 | Reached skill level 10 in Dodging
 72016 | Vaults:4 | Found a runed translucent door.
 72016 | Vaults:4 | Noticed Pyinoph's ghost (adept DDFi)
 72046 | Vaults:4 | Killed Pyinoph's ghost
 72261 | Vaults:4 | Identified the +9 arbalest "Husim" {penet, Str+5 Dex+3
                  | Stlth-} (You found it on level 4 of the Vaults)
 72353 | Vaults:4 | Found Iduynaeloe's Magic Scroll Shop.
 72358 | Vaults:4 | Bought a scroll of teleportation for 33 gold pieces
 72358 | Vaults:4 | Bought a scroll of magic mapping for 38 gold pieces
 72358 | Vaults:4 | Bought a scroll of identify for 22 gold pieces
 72358 | Vaults:4 | Bought a scroll of remove curse for 33 gold pieces
 72358 | Vaults:4 | Bought a scroll of enchant weapon for 82 gold pieces
 72358 | Vaults:4 | Bought a scroll of identify for 22 gold pieces
 72462 | Vaults:4 | Gained mutation: You have an absolutely massive brain. (Int
                  | +6, Wiz) [demonic ancestry]
 72462 | Vaults:4 | Reached XP level 26. HP: 240/240 MP: 26/26
 73173 | Vaults:5 | Entered Level 5 of the Vaults
 73407 | Vaults:5 | Noticed an ancient lich
 73430 | Vaults:4 | Killed an ancient lich
 73813 | Vaults:5 | Identified the +8 lajatang of Purpose {freeze, rF+}
 73813 | Vaults:5 | Identified the +9 hunting sling "Kantes" {freeze, rF+ rC-
                  | rN+ SInv}
 74573 | Vaults:5 | Reached skill level 27 in Fighting
 74681 | Vaults:5 | Reached XP level 27. HP: 249/249 MP: 26/26
 74803 | Vaults:5 | Got a silver rune of Zot
 74836 | Vaults:5 | Reached skill level 15 in Armour
 75748 | Orc:2    | Bought a scroll of acquirement for 1768 gold pieces
 75748 | Orc:2    | Acquired the +7 kite shield of the Skies Above {rPois rN+}
 75996 | Slime:1  | Entered Level 1 of the Pits of Slime
 76370 | Crypt:1  | Entered Level 1 of the Crypt
 77602 | Crypt:2  | Found the +8 autumn katana {vorpal, Clar}
 77788 | Crypt:2  | Found an ancient bone altar of Kikubaaqudgha.
 78005 | Crypt:2  | Found a runed translucent gate.
 78005 | Crypt:2  | Found a runed translucent gate.
 78005 | Crypt:2  | Found a runed translucent gate.
 78005 | Crypt:2  | Noticed Onnun's ghost (veteran GrFi)
 78005 | Crypt:2  | Noticed Yppeosaa's ghost (veteran MiBe)
 78006 | Crypt:2  | Noticed Yqeuxuamiu's ghost (veteran GrFi)
 78006 | Crypt:2  | Noticed Wuppom's ghost (veteran GrFi)
 78097 | Crypt:2  | Killed Wuppom's ghost
 78114 | Crypt:2  | Killed Yqeuxuamiu's ghost
 78136 | Crypt:2  | Killed Yppeosaa's ghost
 78158 | Crypt:2  | Killed Onnun's ghost
 78477 | Crypt:3  | Entered Level 3 of the Crypt
 78848 | Crypt:3  | Found a staircase to the Tomb.
 78936 | Crypt:3  | Noticed Okharo's ghost (veteran MiBe)
 78938 | Crypt:3  | Noticed Jory
 78962 | Crypt:3  | Killed Jory
 78985 | Crypt:3  | Found a transporter.
 79219 | Crypt:3  | Found a basalt altar of Yredelemnul.
 79300 | Crypt:3  | Identified the Catalogue of the Volcanoes and Curses
 79883 | Crypt:3  | Identified the +9 morningstar of Ocseuph {distort, +Rage
                  | rC- MR+ SInv}
 79897 | Crypt:3  | Identified the +3 trident "Ogrebane" {vorpal, rN+ MP+9
                  | Stlth+}
 79901 | Crypt:3  | Found a transporter.
 79954 | Crypt:3  | Identified Sif Muna's Papyrus of Supportive Transformation
 79963 | Crypt:3  | Reached skill level 15 in Dodging
 80062 | Crypt:3  | Killed Okharo's ghost
 80086 | Crypt:3  | Identified the +1 pair of gloves of the Final Bounties
                  | {rPois rCorr} (You found it on level 3 of the Crypt)
 80151 | Crypt:3  | Learned a level 5 spell: Silence
 80567 | Slime:1  | Reached skill level 1 in Hexes
 81207 | Slime:1  | Reached skill level 1 in Spellcasting
 81207 | Slime:1  | Reached skill level 1 in Air Magic
 81490 | Slime:3  | Gained mutation: Your body sometimes deteriorates upon
                  | taking damage. [a shining eye]
 82007 | Slime:3  | Gained mutation: You are frail. (-10% HP) [a shining eye]
 82010 | Slime:3  | Gained mutation: You are dopey. (Int -2) [a shining eye]
 82814 | Slime:5  | Entered Level 5 of the Pits of Slime
 83946 | Slime:2  | Gained mutation: Your spells are a little easier to cast,
                  | but a little less powerful. [a shining eye]
 84002 | Slime:2  | Found a viscous altar of Jiyva.
 85460 | Slime:5  | Learned a level 2 spell: Slow
 85513 | Slime:5  | Noticed the Royal Jelly
 85527 | Slime:5  | Killed the Royal Jelly
 86610 | Slime:5  | Identified the Volume of Weightlessness and Transformation
 86627 | Slime:5  | Got a slimy rune of Zot
 86685 | Slime:5  | Got a fine bronze ring
 86688 | Slime:5  | Identified the ring "Cioreg" {AC+4 Dex+4 Stlth+} (You found
                  | it on level 5 of the Pits of Slime)
 86697 | Slime:5  | Got a polished ring mail
 86708 | Slime:5  | Identified the +1 ring mail of Divine Compulsion {+Blink
                  | rPois rC-} (You found it on level 5 of the Pits of Slime)
 86760 | Slime:5  | Got a warped plate armour
 86773 | Slime:5  | Identified the +3 plate armour "Dioqakko" {MR+ Str-2
                  | Stlth+} (You found it on level 5 of the Pits of Slime)
 86807 | Slime:5  | Got a sapphire-studded scale mail
 86839 | Slime:5  | Identified the cursed +0 scale mail of Ogeij {-Cast -Tele
                  | rC+++ Slay+6} (You found it on level 5 of the Pits of
                  | Slime)
 87993 | Tomb:1   | Entered Level 1 of the Tomb of the Ancients
 88138 | Tomb:1   | Reached skill level 5 in Hexes
 88778 | Tomb:1   | Noticed a greater mummy
 88801 | Tomb:1   | Reached skill level 5 in Spellcasting
 88801 | Tomb:1   | Reached skill level 5 in Air Magic
 88813 | Tomb:1   | Killed a greater mummy
 89592 | Tomb:1   | Identified the Incunabulum of Flames and Cold
 89880 | Tomb:2   | Noticed a greater mummy
 89908 | Tomb:2   | Killed a greater mummy
 90102 | Tomb:2   | Noticed a greater mummy
 90115 | Tomb:2   | Killed a greater mummy
 90136 | Tomb:2   | Noticed a greater mummy
 90151 | Tomb:2   | Killed a greater mummy
 90263 | Tomb:2   | Noticed an ancient lich
 90275 | Tomb:2   | Killed an ancient lich
 91200 | Tomb:1   | Noticed a greater mummy
 91215 | Tomb:1   | Killed a greater mummy
 91377 | Tomb:1   | Noticed a greater mummy
 91378 | Tomb:1   | Noticed a greater mummy
 91379 | Tomb:1   | Noticed a greater mummy
 91381 | Tomb:1   | Noticed a greater mummy
 91388 | Tomb:1   | Noticed a greater mummy
 91406 | Tomb:1   | Killed a greater mummy
 91428 | Tomb:1   | Killed a greater mummy
 91433 | Tomb:1   | Noticed a greater mummy
 91459 | Tomb:1   | Noticed a greater mummy
 91479 | Tomb:1   | Noticed a greater mummy
 91482 | Tomb:1   | Killed a greater mummy
 91534 | Tomb:1   | Killed a greater mummy
 91539 | Tomb:1   | Gained mutation: You occasionally shout uncontrollably at
                  | your foes. [mutagenic glow]
 91546 | Tomb:1   | Killed a greater mummy
 91560 | Tomb:1   | Killed a greater mummy
 91567 | Tomb:1   | Gained mutation: Armour fits poorly on your strangely
                  | shaped body. [mutagenic glow]
 91577 | Tomb:1   | Killed a greater mummy
 91584 | Tomb:1   | Noticed a greater mummy
 91585 | Tomb:1   | Killed a greater mummy
 91598 | Tomb:1   | Gained mutation: Scrolls take you a little longer to read.
                  | [mutagenic glow]
 91619 | Tomb:1   | Killed a greater mummy
 91630 | Tomb:1   | Gained mutation: You are very frail. (-20% HP) [mutagenic
                  | glow]
 91789 | Tomb:1   | Noticed a greater mummy
 91809 | Tomb:1   | Killed a greater mummy
 91998 | Tomb:1   | Lost mutation: Armour fits poorly on your strangely shaped
                  | body. [potion of mutation]
 91998 | Tomb:1   | Lost mutation: Scrolls take you a little longer to read.
                  | [potion of mutation]
 91998 | Tomb:1   | Gained mutation: You passively map a small area around you.
                  | [potion of mutation]
 91999 | Tomb:1   | Lost mutation: You occasionally shout uncontrollably at
                  | your foes. [potion of mutation]
 91999 | Tomb:1   | Lost mutation: Your spells are a little easier to cast, but
                  | a little less powerful. [potion of mutation]
 91999 | Tomb:1   | Lost mutation: You are dopey. (Int -2) [potion of mutation]
 91999 | Tomb:1   | Lost mutation: You are very frail. (-20% HP) [potion of
                  | mutation]
 91999 | Tomb:1   | Gained mutation: You have supernaturally acute eyesight.
                  | (SInv) [potion of mutation]
 92029 | Tomb:1   | Noticed a greater mummy
 92049 | Tomb:1   | Killed a greater mummy
 92165 | Tomb:1   | Noticed a greater mummy
 92166 | Tomb:1   | Noticed a greater mummy
 92184 | Tomb:1   | Killed a greater mummy
 92188 | Tomb:1   | Noticed a greater mummy
 92197 | Tomb:1   | Killed a greater mummy
 92197 | Tomb:1   | Noticed a greater mummy
 92312 | Tomb:1   | Killed a greater mummy
 92323 | Tomb:1   | Killed a greater mummy
 92641 | Tomb:1   | Noticed a greater mummy
 92647 | Tomb:1   | Noticed a greater mummy
 92662 | Tomb:1   | Killed a greater mummy
 92703 | Tomb:1   | Killed a greater mummy
 93139 | Tomb:2   | HP: 3/224 [mummy priest/divine providence (11)]
 94069 | Tomb:3   | Entered Level 3 of the Tomb of the Ancients
 94110 | Tomb:3   | Noticed a greater mummy
 94114 | Tomb:3   | Noticed a greater mummy
 94114 | Tomb:3   | Noticed a greater mummy
 94158 | Tomb:3   | Noticed a greater mummy
 94168 | Tomb:3   | Killed a greater mummy
 94193 | Tomb:3   | Killed a greater mummy
 94214 | Tomb:3   | HP: 10/224 [spectral titan[a mummy priest] (19)]
 94219 | Tomb:3   | HP: 13/336 [ushabti] (3)]
 94220 | Tomb:3   | Killed from afar by a mummy priest

Illustrated notes

Levels and vault maps discovered:
D:1:      mrwooster_arrival_statue_3, layout_loops_cross, minmay_crystal_water,
          chequers_serial_rivers_micro_d, serial_bayou_pond_b,
          minmay_pentomino_v2
D:2:      layout_rooms
D:3:      layout_basic, nicolae_ru_awakened_eye
D:4:      layout_basic, led_sif_pool, lemuel_altar_in_water
D:5:      layout_loops_ring
D:6:      layout_gridville, serial_shops, kennysheep_mini_moat, uniq_grinder,
          uniq_maggie
D:7:      lemuel_slime, layout_gridville, minmay_temple_entry_mist
D:8:      layout_basic, serial_undead, serial_undead_e, serial_undead_e,
          serial_undead_e, serial_undead_f, lightli_corner_chamber,
          uniq_gastronok, uniq_maurice
D:9:      layout_roguey, trog_butcher_becter
D:10:     layout_big_octagon
D:11:     layout_roguey, erik_lair_orcish_takeover, orc_0_dummy, serial_shops,
          shop, hangedman_tree_tricks, uniq_grum, uniq_harold
D:12:     layout_loops_cross, ebering_ghost_disaster_area, serial_shops, shop
D:13:     layout_roguey, nicolae_lava_and_water
D:14:     layout_loops_ring, david_vaults_3, corexii_hall_statues_l,
          chequers_serial_rivers_room_b, minmay_rotating_lava, uniq_nessos,
          uniq_azrael
D:15:     gammafunk_enter_depths_forms, layout_layer_cave,
          gammafunk_ghost_wrathful_warriors, enter_trove_6
Temple:   dpeg_three_leaves_temple
Lair:1:   layout_cave_pods, minmay_lair_oklob_chamber
Lair:2:   layout_hall_layers, minmay_shoals_entry_lonely_mermaid,
          minmay_snake_entry_guardpost_large
Lair:3:   layout_cave_pods, infiniplex_staircase_pool, uniq_nergalle
Lair:4:   layout_layer_cave, serial_bayou_shore_a, grunt_megastairs_4,
          lemuel_fruit_fields
Lair:5:   layout_misc_corridors, slime_altar_2
Lair:6:   cheibrodos_lair_end_hotspot, layout_gridlike
Shoals:1: layout_shoals, abandoned_shop
Shoals:2: cheibrodos_shoals_baths, layout_shoals, serial_shops,
          nicolae_shop_statue_plus, uniq_donald
Shoals:3: layout_shoals, nicolae_shoals_water_elemental_grotto, uniq_ilsuiw,
          uniq_kirke, uniq_nikola
Shoals:4: shoals_end_grunt_garden, layout_shoals, uniq_polyphemus
Snake:1:  layout_chambers, special_room
Snake:2:  layout_onion, serial_shops, shop, minmay_shop_star, lemuel_fruit_tree,
          serial_bayou_shore_b, uniq_vashnia
Snake:3:  layout_grid_shapes
Snake:4:  snake_pit, layout_rooms
Slime:1:  layout_caves
Slime:2:  layout_caves, basic_altar
Slime:3:  layout_caves, nicolae_slime_round_cave
Slime:4:  layout_caves, cheibrodos_slime_lost_civilization_5
Slime:5
Orc:1:    layout_diamond_mine, basic_altar, lightli_orcish_oven
Orc:2:    grunt_orc_cross, layout_caves, serial_shops, shop_coins,
          nicolae_shop_trees, shop, basic_altar
Elf:1:    eino_elf_arrival_the_gate, layout_gridlike,
          portal_ice_cave_entry_horrid_things, minmay_elf_demonology
Elf:2:    layout_loops_corners, gammafunk_ghost_arena, serial_shops, shop,
          minmay_misc_feat_diagonals
Elf:3:    elf_hall_gauntlet_narrow, layout_geoelf_diagonals, serial_shops, shop,
          grunt_ministairs_3
Vaults:1: hangedman_vaults_slither, grunt_vaults_trifunnel, v_misc_13,
          nicolae_vaults_display_case, v_misc_29, v_pattern_5,
          nicolae_vaults_network_square, grunt_vaults_hallway_long,
          vaults_standard_mumra_x, vaults_dpeg_encased_lava,
          vaults_room_stairs_pillars, layout_vaults_omnicross
Vaults:2: ebering_vaults_ghost_gozag, v_alt_pattern_5,
          nicolae_vaults_border_crossing, vaults_mumra_hex,
          vaults_standard_mumra_enter_the_diamond, nicolae_vaults_what_the_h,
          layout_vaults_omnigrid, minmay_crypt_entry_necro_gods
Vaults:3: hangedman_vaults_restitches, st_lines, nicolae_vaults_back_hallway,
          nicolae_vaults_windows_and_doors_thing, hangedman_vaults_hat,
          vaults_dpeg_hooks, v_misc_10, layout_vaults_big_room, uniq_sojobo
Vaults:4: gammafunk_vaults_ghost_grave, hangedman_vaults_stream,
          vaults_mumra_minichess, nicolae_vaults_yaktaur_gun_rack,
          vaults_room_hallway, ontoclasm_vaults_misaligned,
          vaults_mumra_chevron_long, v_misc_16, ontoclasm_vaults_shuriken,
          vaults_mumra_bighexcomb, nicolae_vaults_alarming,
          nicolae_vaults_network_periphery, v_misc_4, v_misc_22, v_misc_8,
          layout_vaults_omnibox, serial_shops, shop
Vaults:5
Crypt:1:  layout_gridlike, serial_corexii_hall, corexii_hall_statues_x,
          chequers_hall_statues_wall_a
Crypt:2:  cheibrodos_crypt_eye_of_stone, layout_chaotic_city,
          gammafunk_ghost_cemetery, hangedman_weighted_door
Crypt:3:  church_of_pain_bobbens, layout_chaotic_city,
          gammafunk_ghost_abyssal_escape, serial_sigils_hangedman_leer,
          uniq_jory
Tomb:1
Tomb:2
Tomb:3:   uniq_frederick
Depths:1: kennysheep_treasure_stockpile, layout_cave_shapes, abyss_entry,
          serial_shops, shop, kennysheep_mini, shop, shop, hell_entry,
          minmay_misc_feat_roman, serial_bayou_lagoon_b
Depths:2: nooodl_heptagram, layout_cave_shapes,
          nicolae_abyss_entry_one_way_or_another, hell_entry,
          kennysheep_nondecorative_pillar
Depths:3: minmay_the_grid_octo_triangle [minmay_the_grid_octo_checkerflower,
          minmay_the_grid_octo_prize_ultimate_mussel_roller,
          minmay_the_grid_octo_tetromino_candy], layout_basic,
          minmay_misc_feat_chi, gammafunk_ghost_crypt, hell_entry, serial_shops,
          shop_statue, rand_demon_pan_entry_7
Depths:4: spriggan_forest, abyss_entry, hell_entry
Depths:5: evilmike_zot_entry_gauntlet, layout_gridlike, lightli_too_deep,
          nicolae_water_bricks, pan_entry, ebering_ghost_disaster_area,
          serial_shops, bzr_entry_safe, chequers_serial_rivers_small_b,
          minmay_shop_grove, uniq_xtahua

Skill      XL: |  1  2  3  4  5  6  7  8  9 10 11 12 13 14 15 16 17 18 19 20 21 22 23 24 25 26 27 |
---------------+----------------------------------------------------------------------------------+-----
Fighting       | 4 5 7 8 9 10 11 12 15 16 17 18 20 21 22 23 24 25 26 27 | 27.0
Armour         | 3 5 6 8 9 10 11 12 13 14 18 | 18.5
Dodging        | 2 3 5 7 8 10 12 16 | 16.7
Short Blades   | 3 5 7 8 9 10 11 13 14 | 14.0
Invocations    | 3 4 5 |  5.0
Shields        | 3 4 5 7 9 11 13 15 16 18 19 20 21 22 24 | 24.5
Crossbows      | 5 7 9 10 12 | 12.0
Hexes          | 9 |  9.4
Spellcasting   | 8 |  8.5
Air Magic      | 8 |  8.5

Action                   |  1- 3 |  4- 6 |  7- 9 | 10-12 | 13-15 | 16-18 | 19-21 | 22-24 | 25-27 || total
-------------------------+-------+-------+-------+-------+-------+-------+-------+-------+-------++-------
Melee: Dagger            |   172 |   276 |   593 |       |       |       |       |       |       ||  1041
       Rapier            |     1 |       |       |       |       |       |       |       |  3011 ||  3012
       Kick              |       |    28 |   243 |   270 |   478 |   532 |   990 |  1160 |  3234 ||  6935
       Short sword       |       |       |    14 |   234 |       |       |       |       |       ||   248
       Quick blade       |       |       |       |   473 |  1179 |  1193 |  1797 |  1973 |  1719 ||  8334
 Fire: Hand crossbow     |       |       |       |       |   143 |   243 |     7 |    81 |   142 ||   616
Throw: Stone             |       |    12 |    11 |       |       |       |       |       |       ||    23
       Dart              |       |       |     3 |    38 |    25 |     2 |       |       |       ||    68
 Cast: Silence           |       |       |       |       |       |       |       |       |     1 ||     1
Invok: Heroism           |       |       |     1 |    13 |    13 |    13 |     6 |       |       ||    46
       Finesse           |       |       |       |       |     1 |     3 |       |       |       ||     4
 Abil: Evoke Flight      |       |       |       |       |     2 |       |       |       |       ||     2
Evoke: Wand              |       |       |       |       |       |       |     1 |       |       ||     1
       Phantom mirror    |       |       |       |       |       |       |       |       |     1 ||     1
  Use: Scroll            |     4 |     1 |     3 |     5 |    20 |     7 |    11 |     1 |    20 ||    72
       Potion            |       |     2 |     3 |     3 |     1 |       |     4 |     1 |    38 ||    52
Armor: Scale mail        |    85 |    79 |   103 |     8 |       |       |       |       |       ||   275
       Acid dragon scale |       |       |    77 |    55 |       |       |       |       |       ||   132
       Skin              |       |       |    12 |       |       |       |       |       |    16 ||    28
       Plate armour      |       |       |       |    66 |   223 |   175 |   235 |   247 |   667 ||  1613
Dodge: Dodged            |    37 |    63 |   178 |   100 |   122 |   127 |   189 |   221 |   760 ||  1797
Block: Kite shield       |    74 |   107 |   218 |   301 |   312 |       |       |       |  2301 ||  3313
       Reflection        |       |       |       |    26 |    35 |   164 |    57 |   335 |   146 ||   763
       Tower shield      |       |       |       |       |   245 |   819 |  1039 |  1479 |  1234 ||  4816

Table legend: (Time is in decaauts)
 A = Elapsed time spent in this place.
 B = Non-inter-level travel time spent in this place.
 C = Inter-level travel time spent in this place.
 D = Time resting spent in this place.
 E = Time spent auto-exploring this place.
 F = Levels seen in this place.
 G = Mean time per level.
                   A        B        C        D        E       F      G
               +--------+--------+--------+--------+--------+-----+--------+
         Total |  87264 |  81447 |   5817 |  21731 |  38733 |  60 | 1454.4 |
       Dungeon |  20650 |  19003 |   1647 |   4177 |   9717 |  15 | 1376.7 |
        Temple |    127 |     83 |     44 |      0 |     65 |   1 |  127.0 |
          Lair |   7562 |   6481 |   1081 |    524 |   5099 |   6 | 1260.3 |
        Shoals |   3282 |   3161 |    121 |     39 |   2237 |   4 |  820.5 |
     Snake Pit |   9586 |   9401 |    185 |   4654 |   2766 |   4 | 2396.5 |
    Slime Pits |   6375 |   6272 |    103 |   1983 |   2535 |   5 | 1275.0 |
  Orcish Mines |   3028 |   2727 |    301 |    749 |   1397 |   2 | 1514.0 |
   Elven Halls |   5011 |   4797 |    214 |    469 |   2877 |   3 | 1670.3 |
        Vaults |   6840 |   6260 |    580 |    278 |   4065 |   5 | 1368.0 |
         Crypt |   2979 |   2794 |    185 |      5 |   1696 |   3 |  993.0 |
          Tomb |   5685 |   5535 |    150 |   3263 |    636 |   3 | 1895.0 |
        Depths |  14690 |  13489 |   1201 |   5228 |   5287 |   5 | 2938.0 |
         Abyss |    602 |    602 |      0 |    359 |      0 |   2 |  301.0 |
        Bazaar |     85 |     85 |      0 |      0 |      0 |   1 |   85.0 |
      Ice Cave |    758 |    758 |      0 |      0 |    352 |   1 |  758.0 |
               +--------+--------+--------+--------+--------+-----+--------+

Top non-repeatable levels by time:
  Tomb:1: 3971 daAuts
Depths:4: 3350 daAuts
Depths:3: 3036 daAuts
Depths:1: 2898 daAuts
Depths:2: 2854 daAuts
 Snake:1: 2792 daAuts
 Snake:2: 2684 daAuts
Depths:5: 2550 daAuts
     D:6: 2313 daAuts
 Snake:3: 2234 daAuts
   Elf:2: 2214 daAuts
     D:3: 2164 daAuts
 Snake:4: 1874 daAuts
 Slime:4: 1821 daAuts
     D:7: 1799 daAuts
